 Dungeon Crawl Stone Soup version 0.26.1-11-gd32895ea62 (webtiles) character file.

Game seed: 1528624646291652093

5618 vvl the Grappler (level 10, -2/147 HPs)
             Began as a Troll Berserker on June 1, 2021.
             Slain by a polar bear (3 damage)
             ... created by the rage of Trog
             ... on level 8 of the Dungeon.
             The game lasted 00:21:41 (7855 turns).

vvl the Grappler (Troll Berserker)                  Turns: 7855, Time: 00:21:42

Health: -2/147     AC: 25    Str: 33    XL:     10   Next: 45%
Magic:  9/9        EV:  1    Int:  6    God:
Gold:   97         SH:  5    Dex:  9    Spells: 9/9 levels left

rFire    . . .     SeeInvis .     - Unarmed
rCold    . . .     Faith    .   (no shield)
rNeg     + + +     Spirit   .   (armour currently unavailable)
rPois    +         Reflect  +   (helmet currently unavailable)
rElec    .         Harm     .   (cloak currently unavailable)
rCorr    .         Rampage  .   (gloves unavailable)
Will     .....     NoTele   +   (boots unavailable)
Stlth    +.........             q - amulet of reflection
HPRegen  0.74/turn              o - +6 ring of strength
MPRegen  0.11/turn              r - +4 ring of evasion

@: mighty, tree-form
A: large, unfitting armour, regeneration 1
a: no special abilities


You were on level 8 of the Dungeon.
You were a tree.
You visited 2 branches of the dungeon, and saw 9 of its levels.

You collected 508 gold pieces.
You spent 411 gold pieces at shops.

Inventory:

Hand Weapons
 t - a +3 quarterstaff of chaos
 J - a +2 whip of electrocution
Armour
 l - +2 swamp dragon scales (melded)
 m - +0 steam dragon scales
 u - a +0 cloak (melded)
 O - a +1 hat (melded)
Jewellery
 a - an uncursed amulet of the acrobat
 o - a +6 ring of strength (left branch)
 q - an amulet of reflection (around neck)
 r - a +4 ring of evasion (right branch)
 x - a +4 ring of evasion
 H - an uncursed ring of magical power {unknown}
 I - an uncursed ring of flight {unknown}
 K - an uncursed ring of fire
Wands
 p - a wand of flame (18)
 s - a wand of polymorph (4)
 F - a wand of iceblast (21)
 N - a wand of digging (7)
Scrolls
 b - 4 scrolls of magic mapping
 c - 2 scrolls of fear {unknown}
 f - 5 scrolls of teleportation {unknown}
 j - 2 scrolls of identify
 n - 5 scrolls of remove curse
 y - a scroll of blinking {unknown}
 A - a scroll of amnesia {unknown}
 B - a scroll of enchant armour {unknown}
 C - a scroll of enchant weapon {unknown}
 G - 2 scrolls of fog {unknown}
 L - a scroll of silence {unknown}
Potions
 d - 3 potions of haste
 e - a potion of invisibility {unknown}
 g - 4 potions of might
 h - a potion of cancellation {unknown}
 i - 2 potions of attraction {unknown}
 k - 6 potions of curing {unknown}
 v - 3 potions of lignification
 w - 4 potions of brilliance {unknown}
 z - 4 potions of resistance
 D - a potion of heal wounds {unknown}
 E - a potion of mutation {unknown}
 M - 2 potions of flight


   Skills:
 + Level 5.7 Fighting
 + Level 4.9 Armour
 - Level 5.4 Dodging
 * Level 8.7 Unarmed Combat
 + Level 4.9 Necromancy
 + Level 4.3 Transmutations


You had 9 spell levels left.
You didn't know any spells.
Your spell library was empty.

Dungeon Overview and Level Annotations

Branches:
Dungeon (8/15)             Temple (1/1) D:5
   Lair: D:8-11

Altars:
Ashenzari
Cheibriados
Dithmenos
Elyvilon
Fedhas
Gozag
Hepliaklqana
Makhleb
Okawaru
Qazlal
Ru
Sif Muna
Trog
Uskayaw
Vehumet
Wu Jian
Xom
Yredelemnul
Zin
The Shining One

Shops:
D:6 *   D:7 !


Innate Abilities, Weirdness & Mutations

You are too large for most types of armour.
((You have claws for hands.))
Your natural rate of healing is unusually fast.
((You are covered in fur. (AC +1)))
((You have extremely tough skin. (AC +3)))


Message History

The ogre rages.
You block the polar bear's attack. x2
The polar bear claws you but does no damage.
You block the polar bear's attack.
The polar bear claws you but does no damage. x2
You barely miss the polar bear.
The polar bear is heavily wounded.
The polar bear bites you.
* * * LOW HITPOINT WARNING * * *
The polar bear claws you but does no damage. x2
The polar bear bites you but does no damage.
The polar bear claws you but does no damage.
You block the polar bear's attack.
It was a potion of might.
You feel very mighty all of a sudden. The polar bear bites you!
* * * LOW HITPOINT WARNING * * *
The polar bear claws you but does no damage. x2
The polar bear bites you.
You die...

..(...÷.[.......................#
......)...........#####..........
#.................# ###........
##................# ##.......
###..............## ##....##
#.........[......# #..###
.........<.>.....# ##..#
.................## #..##
#.##............♣h### ##..#
.####.........###hhO#####..## .#
#.#.....### ##O........# ##
######### ##........## #
#...####..##### ## #..## ##......
.# #O.# ##..... .# #.## #..... ##
##.# ##....


You could see 2 polar bears, a black bear (berserk) and 2 ogres.

Vanquished Creatures
  Harold (D:6)
  Maggie (D:8)
  Sigmund (D:3)
  A wyvern (D:8)
  A steam dragon (D:7)
  Duvessa (D:7)
  2 water moccasins
  2 orc warriors
  4 black bears (D:7)
  A sky beast (D:5)
  A necrophage (D:6)
  An ice beast (D:6)
  4 phantoms
  2 ogres
  4 centaurs
  A big kobold (D:8)
  2 bullfrogs
  Dowan (D:7)
  A wyvern zombie (D:8)
  2 scorpions
  A howler monkey (D:5)
  8 wights
  3 bullfrog skeletons
  3 hounds
  A jelly (D:8)
  3 orc priests
  10 orc wizards
  Crazy Yiuf (D:3)
  A centaur skeleton (D:5)
  6 iguanas
  9 worker ants
  Ijyb (D:3)
  Terence (D:2)
  A hound skeleton (D:7)
  Robin (D:3)
  7 gnolls
  2 howler monkey skeletons
  6 adders
  4 shadow imps
  3 white imps
  3 ufetubi
  3 oozes
  2 adder zombies
  3 worms
  2 dart slugs (D:2)
  9 leopard geckos
  30 orcs
  7 bats
  7 giant cockroaches
  18 goblins
  12 hobgoblins
  4 jackals (D:5)
  5 quokkas
  3 ball pythons
  7 frilled lizards
  A jackal zombie (D:6)
  15 kobolds
  2 leopard gecko skeletons
  3 rats
242 creatures vanquished.

Vanquished Creatures (others)
  An orc (D:7)
  A plant (D:4)
2 creatures vanquished.

Grand Total: 244 creatures vanquished

Notes
Turn   | Place    | Note
-------+----------+-------------------------------------------
     0 | D:1      | vvl the Troll Berserker began the quest for the Orb.
     0 | D:1      | Reached XP level 1. HP: 22/22 MP: 0/0
   384 | D:1      | Reached XP level 2. HP: 27/29 MP: 1/1
  1165 | D:2      | Reached XP level 3. HP: 36/36 MP: 2/2
  1276 | D:2      | Found a sacrificial altar of Ru.
  1440 | D:2      | Reached skill level 1 in Necromancy
  1488 | D:2      | Reached XP level 4. HP: 40/44 MP: 3/3
  1575 | D:2      | Noticed Terence
  1585 | D:2      | Killed Terence
  1586 | D:2      | Reached skill level 1 in Armour
  1681 | D:3      | Noticed Sigmund
  1799 | D:3      | Killed Sigmund
  1799 | D:3      | Reached ** piety under Trog
  1800 | D:3      | Reached skill level 4 in Unarmed Combat
  1800 | D:3      | Reached skill level 1 in Transmutations
  1800 | D:3      | Reached XP level 5. HP: 53/53 MP: 4/4
  2161 | D:3      | Reached XP level 6. HP: 61/61 MP: 5/5
  2184 | D:3      | Noticed Robin
  2190 | D:3      | Killed Robin
  2354 | D:3      | Noticed Ijyb
  2369 | D:3      | Killed Ijyb
  2439 | D:3      | Found a runed translucent door.
  2440 | D:3      | Noticed Crazy Yiuf
  2528 | D:3      | Killed Crazy Yiuf
  2849 | D:4      | Found an ornate altar of the Wu Jian Council.
  2849 | D:4      | Found a burning altar of Makhleb.
  3148 | D:4      | Reached XP level 7. HP: 67/67 MP: 6/6
  3688 | D:5      | Entered Level 5 of the Dungeon
  3693 | D:5      | Reached skill level 5 in Unarmed Combat
  3767 | D:5      | Reached XP level 8. HP: 62/78 MP: 7/7
  4257 | D:5      | Found a staircase to the Ecumenical Temple.
  4311 | Temple   | Entered the Ecumenical Temple
  4878 | D:6      | Reached skill level 6 in Unarmed Combat
  5277 | D:6      | Reached XP level 9. HP: 85/85 MP: 8/8
  5412 | D:6      | Found Wesmim's General Store.
  5415 | D:6      | Bought a scroll of identify for 28 gold pieces
  5415 | D:6      | Bought a wand of iceblast (9) for 182 gold pieces
  5415 | D:6      | Bought a scroll of random uselessness for 14 gold pieces
  5508 | D:7      | Noticed Harold
  5535 | D:6      | Killed Harold
  5536 | D:6      | Reached skill level 5 in Fighting
  5536 | D:6      | Reached skill level 7 in Unarmed Combat
  5873 | D:7      | Reached skill level 5 in Dodging
  5945 | D:7      | Fell from the grace of Trog
  6135 | D:7      | Found a snail-covered altar of Cheibriados.
  6144 | D:7      | Reached XP level 10. HP: 89/96 MP: 9/9
  6162 | D:7      | Found a stormy altar of Qazlal.
  6203 | D:7      | Found Xipaschezu's Distillery.
  6212 | D:7      | Bought a potion of degeneration for 11 gold pieces
  6212 | D:7      | Bought a potion of lignification for 33 gold pieces
  6212 | D:7      | Bought a potion of resistance for 110 gold pieces
  6212 | D:7      | Bought a potion of flight for 33 gold pieces
  6240 | D:7      | Reached skill level 8 in Unarmed Combat
  6266 | D:7      | Noticed Dowan
  6267 | D:7      | Noticed Duvessa
  6277 | D:7      | Killed Duvessa
  6282 | D:7      | Killed Dowan
  6689 | D:8      | Noticed Maggie
  6703 | D:8      | Killed Maggie
  7855 | D:8      | HP: 1/147 [polar bear[the rage of Trog] (10)]
  7855 | D:8      | Slain by a polar bear

Illustrated notes

Levels and vault maps discovered:
D:1:      nagdon_arrival_double_spiral, layout_basic,
          hangedman_decor_diamond_cutter
D:2:      layout_rooms, nicolae_ru_sacrificial_ziggurat, uniq_terence
D:3:      layout_basic, uniq_ijyb, uniq_crazy_yiuf_cottage, uniq_robin,
          uniq_sigmund
D:4:      corexii_shantytown, layout_basic,
          chequers_temple_overflow_statue_of_worship
D:5:      layout_cave_pools, minmay_temple_entry_fiery
D:6:      layout_loops_ring, serial_shops, kennysheep_mini
D:7:      minmay_general_purpose_star, layout_loops_cross,
          nicolae_overflow_hidden_temple, serial_shops, shop, uniq_duvessa,
          uniq_harold
D:8:      layout_layer_cave, st_stairs_12, uniq_maggie
Temple:   eino_temple_scatter_basement

Skill      XL: |  1  2  3  4  5  6  7  8  9 10 |
---------------+-------------------------------+-----
Necromancy     | 1 2 3 4 |  4.9
Armour         | 1 2 3 4 |  4.9
Fighting       | 3 4 5 |  5.7
Dodging        | 3 4 5 |  5.4
Unarmed Combat | 4 5 6 7 8 |  8.7
Transmutations | 1 2 3 4 |  4.3

Action                   |  1- 3 |  4- 6 |  7- 9 | 10-12 || total
-------------------------+-------+-------+-------+-------++-------
Melee: Unarmed           |    81 |   139 |   368 |   134 ||   722
       Punch             |       |       |    11 |     5 ||    16
Invok: Berserk           |       |     1 |     1 |       ||     2
  Use: Scroll            |       |       |     3 |       ||     3
       Potion            |       |       |       |     2 ||     2
 Stab: Distracted        |     1 |       |       |       ||     1
       Sleeping          |       |     2 |       |       ||     2
Armor: Animal skin       |    21 |       |       |       ||    21
       Robe              |    12 |    27 |    56 |       ||    95
       Skin              |       |     1 |       |    37 ||    38
       Steam dragon scal |       |       |    13 |    15 ||    28
       Swamp dragon scal |       |       |       |    26 ||    26
Dodge: Dodged            |    57 |    82 |   217 |    85 ||   441
Block: Other             |       |     7 |    69 |    34 ||   110
       Reflection        |       |       |     4 |       ||     4
